 Dungeon Sprint DCSS version 0.18.2-3-g5ac21b8 (webtiles) character file.

10300000 AlphaAb the Axe Maniac (level 27, -83/323 HPs)
             Began as a Troll Warper on May 6, 2020.
             Was the Champion of Makhleb.
             Killed from afar by a wretched soul (107 damage)
             ... with a bolt of negative energy
             ... in the Dungeon (Sprint VIII: "Arena of Blood").
             The game lasted 00:15:09 (103 turns).

AlphaAb the Axe Maniac (Troll Warper)                Turns: 103, Time: 00:15:11

Health: -83/323    AC:  7    Str: 29    XL:     27
Magic:  36/53      EV: 26    Int:  9    God:    Makhleb [******]
Gold:   0          SH:  0    Dex: 16    Spells: 1 memorised, 79 levels left

rFire  . . .     SeeInvis .     k - +∞ Axe of Woe
rCold  . . .     Gourm    +     a - +0 robe
rNeg   . . .     Faith    .     (shield currently unavailable)
rPois  .         Spirit   .     (helmet restricted)
rElec  .         Dismiss  .     (no cloak)
rCorr  .         Reflect  .     (gloves unavailable)
SustAt .         Harm     .     (boots unavailable)
MR     ++...     NoTele   +     (no amulet)
Stlth  ++++++....               (no ring)
                                (no ring)

@: heavily drained, very resistant to hostile enchantments, very stealthy
A: unfitting armour, claws 3, fast metabolism 3, gourmand, regeneration 2,
shaggy fur 1, tough skin 2
a: Minor Destruction, Lesser Servant of Makhleb, Major Destruction, Greater
Servant of Makhleb, Renounce Religion


You were in the Dungeon.
You worshipped Makhleb.
Makhleb was exalted by your worship.
You were not hungry.

You visited 1 branch

Inventory:

Hand Weapons
 k - the +∞ Axe of Woe (weapon)
   (You found it in the Dungeon)
Missiles
 d - 5 tomahawks of dispersal (quivered)
Armour
 a - a +0 robe (worn)
Scrolls
 c - 2 scrolls of blinking
Potions
 e - a potion of curing
 h - a potion of haste
 i - 2 potions of magic
 j - a potion of berserk rage
Books
 b - a book of Spatial Translocations

   Spells                             Type                      Level
   a - Apportation                    Translocation                1
   b - Blink                          Translocation                2
   c - Shroud of Golubria             Charms/Translocation         2
   d - Portal Projectile              Translocation                3
   e - Teleport Other                 Translocation                3
   f - Passage of Golubria            Translocation                4
Comestibles
 f - 2 bread rations


   Skills:
 O Level 27(24.1) Fighting
 O Level 27(24.1) Axes
 O Level 27(24.1) Throwing
 O Level 27(24.1) Armour
 O Level 27(24.1) Dodging
 O Level 27(24.1) Stealth
 O Level 27(24.1) Unarmed Combat
 O Level 27(24.1) Spellcasting
 O Level 27(24.1) Translocations
 O Level 27(24.1) Invocations


You had 79 spell levels left.
You knew the following spells:

 Your Spells              Type           Power        Failure   Level  Hunger
a - Apportation           Tloc           ######....   0%          1    None


Dungeon Overview and Level Annotations

Branches:
Dungeon (1/1)

Altars:
Makhleb


Innate Abilities, Weirdness & Mutations

You are too large for most types of armour.
You have claws for hands.
Your metabolism is lightning-fast.
You like to eat raw meat.
You heal very quickly.
You are covered in fur (AC +1).
You have very tough skin (AC +2).


Message History

The eight-headed meat hydra calls on the powers of darkness!
The eight-headed meat hydra convulses!
The bag of meat convulses! x3
Your body is wracked with pain!
* * * LOW HITPOINT WARNING * * *
The bag of meat convulses!
The eight-headed meat hydra convulses!
The bag of meat convulses! x2
You feel much better.
You hear a shout! x3
Your cacodemon hits the bag of meat. Your cacodemon hits the bag of meat!!
Something misses you.
The eight-headed meat hydra calls on the powers of darkness!
The eight-headed meat hydra convulses!
The bag of meat convulses! x2
The eight-headed meat hydra convulses!
The bag of meat convulses! x2
Your body is wracked with pain!
* * * LOW HITPOINT WARNING * * *
The bag of meat convulses!
You hear a shout!
A bolt of negative energy appears from out of thin air!
The bolt of negative energy hits you!
You feel drained.
You die...

......... ...% #.
.....# ..... #..
....# ..%.. .###..
...###...o%
.....z###oD...M%.%.
......_..V.....o%%
#....§#))D..o.#
#_.<._#§)...o..
..#...@)#@)..%.#.
......_..§)§.§..%.
......###))))2..%%#
.###o......###oM...
#.......# ...%%
#......%# ..%%
......%.. ....
......... ..%
..........


You could see 2 accurseds, 2 eight-headed meat hydras, a destroyer, 5 bags of
meat and a friendly cacodemon.

Vanquished Creatures
  7 hell beasts (D)
  4 greater mummies (D)
  2 wraiths (D)
  19 vampire knights (D)
  28 ogres (D)
  4 liches (D)
  3 hydras (D)
  89 orcs (D)
  5 phantoms (D)
  8 hill giants (D)
  5 skeletal warriors (D)
  8 large abominations (D)
  4 small abominations (D)
  4 crawling corpses (D)
190 creatures vanquished.

Vanquished Creatures (others)
  Harold (D)
  An orc (D)
  5 crawling corpses (D)
7 creatures vanquished.

Grand Total: 197 creatures vanquished

Notes
Turn   | Place    | Note
--------------------------------------------------------------
     0 | D        | AlphaAb the Troll Warper began the quest for the Orb.
     0 | D        | Reached XP level 1. HP: 19/19 MP: 1/1
     3 | D        | Noticed a bag of meat
     3 | D        | Noticed a bag of meat
     4 | D        | Noticed a bag of meat
     4 | D        | Became a worshipper of Makhleb the Destroyer
     5 | D        | Noticed a bag of meat
     6 | D        | Noticed a bag of meat
     6 | D        | Noticed a bag of meat
     7 | D        | Killed a bag of meat
     7 | D        | Reached skill level 10 in Fighting
     7 | D        | Reached XP level 2. HP: 46/46 MP: 2/2
     7 | D        | Reached XP level 3. HP: 54/54 MP: 3/3
     7 | D        | Reached XP level 4. HP: 63/63 MP: 4/4
     7 | D        | Reached XP level 5. HP: 70/70 MP: 5/5
     7 | D        | Reached XP level 6. HP: 79/79 MP: 6/6
     7 | D        | Reached XP level 7. HP: 87/87 MP: 7/7
     7 | D        | Reached XP level 8. HP: 96/96 MP: 8/8
     7 | D        | Reached XP level 9. HP: 102/102 MP: 9/9
     7 | D        | Reached XP level 10. HP: 111/111 MP: 10/10
     7 | D        | Reached XP level 11. HP: 119/119 MP: 11/11
     8 | D        | Noticed a meat berserker
     8 | D        | Noticed a bag of meat
     8 | D        | Noticed a bag of meat
     8 | D        | Killed a bag of meat
     8 | D        | Reached * piety under Makhleb
     8 | D        | Reached XP level 12. HP: 133/133 MP: 12/12
     9 | D        | Noticed a bag of meat
     9 | D        | Killed a bag of meat
     9 | D        | Reached XP level 13. HP: 146/146 MP: 13/13
    10 | D        | Noticed a bag of meat
    10 | D        | Noticed a bag of meat
    10 | D        | Noticed a bag of meat
    10 | D        | Killed a bag of meat
    10 | D        | Reached ** piety under Makhleb
    10 | D        | Reached XP level 14. HP: 157/157 MP: 14/14
    10 | D        | Killed a bag of meat
    10 | D        | Reached skill level 15 in Fighting
    11 | D        | Killed a meat berserker
    11 | D        | Reached *** piety under Makhleb
    11 | D        | Reached XP level 15. HP: 174/174 MP: 15/15
    14 | D        | Reached skill level 10 in Armour
    14 | D        | Reached XP level 16. HP: 187/187 MP: 16/16
    15 | D        | Reached **** piety under Makhleb
    18 | D        | Reached ***** piety under Makhleb
    18 | D        | Reached skill level 15 in Armour
    18 | D        | Reached XP level 17. HP: 200/200 MP: 17/17
    18 | D        | Reached skill level 27 in Axes
    22 | D        | Noticed a large bag of meat
    22 | D        | Noticed a large bag of meat
    22 | D        | Reached skill level 5 in Invocations
    22 | D        | Reached XP level 18. HP: 208/217 MP: 17/20
    24 | D        | Reached skill level 27 in Dodging
    25 | D        | Noticed a meat berserker
    25 | D        | Noticed a meat berserker
    25 | D        | Noticed a meat berserker
    26 | D        | Noticed a meat berserker
    26 | D        | Noticed a meat berserker
    26 | D        | Killed a large bag of meat
    27 | D        | Reached XP level 19. HP: 234/234 MP: 17/29
    28 | D        | Noticed a destroyer
    28 | D        | Noticed a destroyer
    28 | D        | Killed a large bag of meat
    29 | D        | Noticed a large bag of meat
    30 | D        | Noticed a meat berserker
    30 | D        | Killed a meat berserker
    30 | D        | Reached skill level 27 in Armour
    30 | D        | Reached XP level 20. HP: 206/253 MP: 18/34
    30 | D        | Reached skill level 27 in Fighting
    31 | D        | Reached ****** piety under Makhleb
    32 | D        | Noticed a destroyer
    32 | D        | Killed a meat berserker
    32 | D        | Reached skill level 27 in Invocations
    33 | D        | Noticed a destroyer
    33 | D        | Noticed a meat berserker
    33 | D        | Noticed a meat berserker
    33 | D        | Noticed a destroyer
    33 | D        | Killed a meat berserker
    33 | D        | Reached XP level 21. HP: 258/265 MP: 18/37
    35 | D        | Reached skill level 27 in Stealth
    35 | D        | Reached XP level 22. HP: 236/275 MP: 19/38
    35 | D        | Killed a destroyer
    36 | D        | Noticed The Servant
    36 | D        | Noticed a destroyer
    36 | D        | Noticed a destroyer
    36 | D        | Reached skill level 10 in Spellcasting
    37 | D        | Killed a destroyer
    37 | D        | Reached skill level 15 in Spellcasting
    37 | D        | Reached XP level 23. HP: 284/284 MP: 19/41
    37 | D        | Reached skill level 27 in Translocations
    38 | D        | Killed a destroyer
    38 | D        | Reached XP level 24. HP: 295/295 MP: 19/49
    38 | D        | Noticed a destroyer
    39 | D        | Reached skill level 27 in Spellcasting
    39 | D        | Reached skill level 15 in Throwing
    40 | D        | Killed a destroyer
    40 | D        | Reached XP level 25. HP: 304/304 MP: 20/53
    40 | D        | Reached skill level 27 in Throwing
    40 | D        | Killed a destroyer
    41 | D        | Noticed a destroyer
    41 | D        | Noticed a destroyer
    41 | D        | Reached skill level 27 in Unarmed Combat
    42 | D        | Noticed a destroyer
    42 | D        | Killed a destroyer
    42 | D        | Reached XP level 26. HP: 298/314 MP: 20/53
    42 | D        | Killed a destroyer
    43 | D        | Killed a destroyer
    43 | D        | Reached XP level 27. HP: 323/323 MP: 20/53
    45 | D        | Noticed a destroyer
    45 | D        | Killed a destroyer
    46 | D        | Killed a destroyer
    48 | D        | Noticed a destroyer
    49 | D        | Noticed a destroyer
    49 | D        | Killed a destroyer
    50 | D        | Noticed an accursed
    50 | D        | Noticed a destroyer
    52 | D        | Killed a destroyer
    53 | D        | Noticed a tyrant
    56 | D        | Noticed an accursed
    56 | D        | Noticed a destroyer
    56 | D        | Killed a destroyer
    57 | D        | Killed a destroyer
    58 | D        | Killed a destroyer
    59 | D        | Noticed a destroyer
    59 | D        | Killed a destroyer
    60 | D        | Noticed a destroyer
    61 | D        | Killed a tyrant
    63 | D        | Noticed a destroyer
    64 | D        | Noticed a tyrant
    64 | D        | Noticed an accursed
    65 | D        | Killed a destroyer
    66 | D        | Noticed a dread
    66 | D        | Killed an accursed
    66 | D        | Killed a destroyer
    66 | D        | Killed a dread
    69 | D        | Noticed a dread
    69 | D        | Killed an accursed
    72 | D        | Killed a destroyer
    74 | D        | Noticed a tyrant
    75 | D        | Noticed a meat beast
    75 | D        | Noticed a meat beast
    75 | D        | Killed a tyrant
    77 | D        | Killed a meat beast
    79 | D        | Killed a dread
    80 | D        | Killed an accursed
    82 | D        | Noticed a meat beast
    83 | D        | Killed The Servant
    84 | D        | Noticed a meat beast
    85 | D        | Noticed a meat beast
    85 | D        | Killed a meat beast
    86 | D        | Killed a meat beast
    86 | D        | Killed a tyrant
    88 | D        | Noticed a tyrant
    88 | D        | Killed a meat beast
    90 | D        | Noticed a meat beast
    90 | D        | Noticed an accursed
    90 | D        | Killed a meat beast
    92 | D        | Noticed a meat beast
    96 | D        | Killed a meat beast
    96 | D        | Killed a meat beast
    97 | D        | Noticed an accursed
    97 | D        | Killed an accursed
   100 | D        | Killed a tyrant
   102 | D        | Noticed an accursed
   103 | D        | Killed from afar by a wretched soul

Skill      XL: |  1  2  3  4  5  6  7  8  9 10 11 12 13 14 15 16 17 18 19 20 21 22 23 24 25 |
---------------+----------------------------------------------------------------------------+-----
Fighting       | 10 12 14 17 18 19 21 24 26 27 | 27.0
Axes           | 16 18 20 21 24 25 26 27 | 27.0
Dodging        | 14 16 18 19 22 23 24 26 27 | 27.0
Armour         | 10 15 20 24 27 | 27.0
Invocations    | 5 14 22 27 | 27.0
Stealth        | 20 27 | 27.0
Spellcasting   | 4 15 23 27 | 27.0
Translocations | 7 25 27 | 27.0
Throwing       | 26 27 | 27.0
Unarmed Combat | 27 | 27.0

Action                   |  1- 3 |  4- 6 |  7- 9 | 10-12 | 13-15 | 16-18 | 19-21 | 22-24 | 25-27 || total
-------------------------+-------+-------+-------+-------+-------+-------+-------+-------+-------++-------
Melee: Executioner's axe |     1 |       |       |     2 |     4 |     9 |     6 |     5 |    52 ||    79
Invok: Greater Servant o |       |       |       |       |       |     2 |     2 |       |     7 ||    11
       Major Destruction |       |       |       |       |       |       |       |       |     1 ||     1
  Use: Potion            |       |       |       |       |       |       |       |       |     1 ||     1
Armor: Robe              |       |       |       |       |       |       |       |       |     2 ||     2
Dodge: Dodged            |       |       |       |       |       |       |       |       |    12 ||    12
